 Dungeon Crawl Stone Soup version 0.30-a0-272-gf98c3da03f (webtiles) character file.

Game seed: 17316876191874817595

26 freelancePsychic the Poker (level 3, 0/23 (28) HPs)
             Began as a Merfolk Reaver on Oct 15, 2022.
             Slain by a goblin
             ... wielding a +0 dagger
              (3 damage)
             ... on level 1 of the Dungeon.
             The game lasted 00:00:51 (929 turns).

freelancePsychic the Poker (Merfolk Reaver)          Turns: 929, Time: 00:00:52

HP:   0/23 (28)     AC:  3    Str: 12    XL:     3   Next: 8%
MP:   5/6           EV: 12    Int: 12    God:
Gold: 13            SH:  0    Dex: 14    Spells: 5/6 levels left

rFire   . . .      SeeInvis .    a - +0 spear
rCold   . . .      Faith    .    (no shield)
rNeg    . . .      Spirit   .    b - +0 leather armour
rPois   .          Reflect  .    (no helmet)
rElec   .          Harm     .    (no cloak)
rCorr   .          Rampage  .    (no gloves)
Will    .....                    (no boots)
Stlth   +.........               (no amulet)
HPRegen 0.23/turn                (no ring)
MPRegen 0.10/turn                (no ring)

@: heavily drained
A: (nimble swimmer 2), mertail
a: no special abilities


You were on level 1 of the Dungeon.
You visited 1 branch of the dungeon, and saw 2 of its levels.

You collected 13 gold pieces.

Inventory:

Hand Weapons
 a - a +0 spear (weapon)
Armour
 b - a +0 leather armour (worn)
Scrolls
 f - a scroll of fear
Potions
 d - a potion of brilliance {unknown}
 e - a potion of berserk rage {unknown}
 g - a potion of ambrosia {unknown}


   Skills:
 + Level 2.8 Fighting
 * Level 5.1 Polearms
 - Level 2.6 Dodging
 - Level 2.0 Spellcasting
 - Level 2.4 Conjurations


You had 5 spell levels left.
You knew the following spells:

 Your Spells              Type           Power      Damage    Failure   Level
a - Kiss of Death         Conj/Necr      16%        2d6       22%         1

Your spell library contained the following spells:

 Spells                   Type           Power      Damage    Failure   Level
 Momentum Strike          Conj/Tloc      8%         3d8       32%         2
 Hailstorm                Conj/Ice       4%         3d4       54%         3


Dungeon Overview and Level Annotations

Branches:
Dungeon (2/15)

Altars:


Innate Abilities, Weirdness & Mutations

((You are very nimble when in or above water. (Stealth+, EV+, Speed+++)))
Your lower body shifts to a powerful aquatic tail in water.


Message History

You hit the worm.
The worm is moderately wounded.
The adder bites you. The goblin hits you with a +0 dagger.
The worm barely misses you.
You hit the worm.
The worm is moderately wounded.
The adder barely misses you. The goblin hits you with a +0 dagger.
You hit the worm.
The worm is severely wounded.
The adder misses you. The worm bites you. The goblin completely misses you.
You are too injured to fight recklessly!
You are too injured to fight recklessly!
You are too injured to fight recklessly!
You are too injured to fight recklessly!
You are too injured to fight recklessly!
You are too injured to fight recklessly!
You are too injured to fight recklessly!
You are too injured to fight recklessly!
You are too injured to fight recklessly!
You are too injured to fight recklessly!
You are too injured to fight recklessly!
You are too injured to fight recklessly!
You are too injured to fight recklessly!
You are too injured to fight recklessly!
You are too injured to fight recklessly!
You are too injured to fight recklessly!
You are too injured to fight recklessly!
You are too injured to fight recklessly!
You hit the worm.
The worm is almost dead.
The adder bites you. The goblin hits you with a +0 dagger. The worm bites you!
* * * LOW HITPOINT WARNING * * *
You hit the worm.
The worm is almost dead.
The adder bites you.
* * * LOW HITPOINT WARNING * * *
You hit the worm.
You kill the worm!
The adder closely misses you. The goblin hits you with a +0 dagger.
You die...

#.######.###.#
#.######.# #.#
#........# #.#
########## #.# #.#
#.. ########## #..
##........# #†.
#.@g......#######.†
#S.#####...........
#..##.....######...
#..##.###.# #....
#..##.###.# ##...
#.........# ##.#
#.........# #.#
#.###.##.## #.# #.#
#.##.# ##'#


You could see an adder and a goblin.

Vanquished Creatures
  A worm (D:1)
  6 endoplasms (D:1)
  A giant cockroach (D:1)
  2 goblins (D:1)
  4 hobgoblins (D:1)
  A quokka (D:1)
  4 ball pythons
  2 bats (D:1)
  A frilled lizard (D:1)
22 creatures vanquished.

Notes
Turn   | Place    | Note
-------+----------+-------------------------------------------
     0 | D:1      | freelancePsychic the Merfolk Reaver began the quest for the
                  | Orb.
     0 | D:1      | Reached XP level 1. HP: 16/16 MP: 3/3
   211 | D:1      | Reached XP level 2. HP: 21/23 MP: 5/5
   609 | D:1      | Reached skill level 5 in Polearms
   709 | D:1      | Reached XP level 3. HP: 28/28 MP: 6/6
   929 | D:1      | Slain by a goblin

Illustrated notes

Levels and vault maps discovered:
D:1:      amcnicky_arrival_blooded_trapdoor, layout_loops_corners
D:2:      layout_loops_ring, serial_shops, shop_fountains, st_stairs_11

Skill      XL: |  1  2 |
---------------+-------+-----
Polearms       | 5 |  5.1
Fighting       | |  2.8
Dodging        | |  2.6
Spellcasting   | |  2.0
Conjurations   | |  2.4

Action                   || total
-------------------------++-------
Melee: Spear             ||    73
 Cast: Kiss of Death     ||     1
  Use: Scroll            ||     1
Armor: Leather armour    ||    14
Dodge: Dodged            ||    30

Table legend: (Time is in decaauts)
 A = Elapsed time spent in this place.
 B = Non-inter-level travel time spent in this place.
 C = Inter-level travel time spent in this place.
 D = Time resting spent in this place.
 E = Time spent auto-exploring this place.
 F = Levels seen in this place.
 G = Mean time per level.
                   A        B        C        D        E       F      G
               +--------+--------+--------+--------+--------+-----+--------+
         Total |    919 |    889 |     30 |      0 |    772 |   2 |  459.5 |
       Dungeon |    919 |    889 |     30 |      0 |    772 |   2 |  459.5 |
               +--------+--------+--------+--------+--------+-----+--------+

Top non-repeatable levels by time:
     D:1: 912 daAuts
     D:2: 7 daAuts
